 Dungeon Crawl Stone Soup version 0.31-a0-1338-gb567cfdca4 (webtiles) character file.

Game seed: 14674025669627763681

2526 grandjackal the Thaumaturge (level 9, -5/45 HPs)
             Began as a Deep Elf Conjurer on Dec 22, 2023.
             Slain by a two-headed ogre
             ... wielding a +0 halberd
              (12 damage)
             ... in a bailey.
             The game lasted 00:10:01 (7604 turns).

grandjackal the Thaumaturge (Deep Elf Conjurer)     Turns: 7604, Time: 00:10:02

Health: -5/45      AC:  5    Str:  4    XL:     9   Next: 29%
Magic:  19/24      EV: 12    Int: 28    God:
Gold:   69         SH:  0    Dex: 13    Spells: 7/26 levels left

rFire   + . .        s - staff of fire
rCold   . . .        (no shield)
rNeg    . . .        w - +2 robe
rPois   .            (no helmet)
rElec   .            (no cloak)
rCorr   .            (no gloves)
SInv    .            v - +0 pair of boots
Will    .....        (no amulet)
Stlth   ++           (no ring)
HPRegen 0.27/turn    (no ring)
MPRegen 0.19/turn

%: no passive effects
@: no status effects
A: no striking features
a: no special abilities


You were in a bailey.
You visited 2 branches of the dungeon, and saw 8 of its levels.
You also visited: Bailey.

You collected 349 gold pieces.
You spent 280 gold pieces at shops.

Inventory:

Hand Weapons
 e - a +2 dagger of venom
Armour
 v - a +0 pair of boots (worn)
 w - a +2 robe (worn)
Magical Staves
 s - a staff of fire (weapon)
Jewellery
 u - a ring of resist corrosion
 x - a +5 ring of evasion
Wands
 n - a wand of polymorph (9)
 r - a wand of flame (6)
Scrolls
 c - 4 scrolls of teleportation
 f - 3 scrolls of blinking {unknown}
 g - a scroll of immolation {unknown}
 j - a scroll of acquirement {unknown}
 k - a scroll of fog {unknown}
 l - a scroll of poison {unknown}
 m - 5 scrolls of identify {unknown}
 o - a scroll of enchant weapon {unknown}
 p - a scroll of revelation {unknown}
Potions
 a - a potion of invisibility {unknown}
 b - a potion of magic
 d - a potion of curing {unknown}
 h - 3 potions of heal wounds {unknown}
 i - a potion of mutation {unknown}
 q - 4 potions of lignification {unknown}
 t - a potion of enlightenment {unknown}


   Skills:
 - Level 2.4 Dodging
 - Level 2.4 Stealth
 + Level 9.2 Spellcasting
 + Level 8.6 Conjurations
 - Level 4.6 Translocations
 + Level 4.0 Fire Magic
 + Level 6.3 Alchemy


You had 7 spell levels left.
You knew the following spells:

 Your Spells              Type           Power      Damage    Failure   Level
a - Magic Dart            Conj           100%       1d8       1%          1
b - Searing Ray           Conj           100%       2d8       1%          2
c - Fulminant Prism       Conj/Alch      26%        3d14      1%          4
d - Iskenderun's Mystic   Conj/Tloc      50%        2d11      2%          4
e - Flame Wave            Conj/Fire      64%        2d15      3%          4
f - Sticky Flame          Fire/Alch      58%        2d10      4%          4

Your spell library contained the following spells:

 Spells                   Type           Power      Damage    Failure   Level
 Shock                    Conj/Air       100%       1d9       1%          1
 Mephitic Cloud           Conj/Alch/Air  40%        N/A       1%          3
 Dazzling Flash           Conj/Hex       74%        N/A       2%          3
 Summon Small Mammal      Summ           48%        N/A       4%          1
 Inner Flame              Hex/Fire       36%        N/A       5%          3
 Call Canine Familiar     Summ           12%        N/A       13%         3
 Summon Guardian Golem    Hex/Summ       12%        N/A       13%         3
 Swiftness                Air            12%        N/A       13%         3
 Arcjolt                  Conj/Air       18%        1d28      21%         5
 Agony                    Necr           12%        N/A       77%         5
 Silence                  Hex/Air        6%         N/A       77%         5


Dungeon Overview and Level Annotations

Branches:
Dungeon (7/15)             Temple (1/1) D:4          Bailey (1/1)

Altars:
Cheibriados
Elyvilon
Fedhas
Gozag
Hepliaklqana
Nemelex Xobeh
Trog
Uskayaw
Xom
Yredelemnul
Zin

Shops:
D:3 :

Annotations:
D:7 2 transporters, superbruh's ghost, novice TeRe


Message History

Aiming: Magic Dart (safe; 1% risk of failure)
Press: ? - help, Shift-Dir - straight line, f - two-headed ogre
Aim: a two-headed ogre, wielding two +0 halberds (wandering, hasn't noticed you, 100% to hit)
Okay, then.
Casting: Magic Dart (safe; 1% risk of failure)
Confirm with . or Enter, or press ? or * to list all spells.
Okay, then.
Casting: Magic Dart (safe; 1% risk of failure)
Confirm with . or Enter, or press ? or * to list all spells.
Aiming: Magic Dart (safe; 1% risk of failure)
Press: ? - help, Shift-Dir - straight line, f - two-headed ogre
Aim: a two-headed ogre, wielding two +0 halberds (wandering, hasn't noticed you, 100% to hit)
The magic dart hits the two-headed ogre.
The two-headed ogre is lightly wounded.
Unknown command.
Casting: Magic Dart (safe; 1% risk of failure)
Confirm with . or Enter, or press ? or * to list all spells.
Aiming: Searing Ray (safe; 1% risk of failure)
Press: ? - help, Shift-Dir - straight line, f/p - two-headed ogre
Aim: a two-headed ogre, wielding two +0 halberds (lightly wounded, 92% to hit)
The searing ray hits the two-headed ogre!
The two-headed ogre is moderately wounded. (Press . to maintain the ray.) Unknown command.
The searing ray hits the two-headed ogre!
The two-headed ogre is heavily wounded.
The searing ray hits the two-headed ogre!
The two-headed ogre is severely wounded.
The two-headed ogre hits you from afar with a +0 halberd!!
Ouch! That really hurt!
The two-headed ogre misses you.
You hear a shout!
The searing ray hits the two-headed ogre!
The two-headed ogre is almost dead.
You finish channelling your searing ray.
You hear a shout!
The two-headed ogre hits you from afar with a +0 halberd!
* * * LOW HITPOINT WARNING * * *
The two-headed ogre hits you from afar with a +0 halberd!
You die...

#########
##.......##
##.........##
##..#♣##♣♣#..##
##.@## ##..## #
##..## ##.)## #
#..O# ##..###
#...# #..~)~
#..~# #..~)~
#..~~. #..~~~
#..~♣O♣ ♣..~)~
#...#.♣ #..~~~
#...# . ♣#..###


You could see a two-headed ogre.

Vanquished Creatures
  A spriggan (Bailey)
  A sky beast (D:7)
  A black bear (D:5)
  Duvessa (D:4)
  2 ice beasts (D:6)
  10 ogres
  A phantom (D:4)
  2 scorpions
  A bullfrog (D:7)
  Dowan (D:4)
  7 hounds
  2 jellies (D:6)
  3 orc priests
  2 sleepcaps
  An iguana (D:5)
  3 orc wizards
  9 adders
  A shadow imp (D:7)
  2 bombardier beetles
  2 white imps (D:5)
  4 ufetubi (D:6)
  2 worms
  A dart slug (D:4)
  18 orcs
  9 endoplasms
  8 giant cockroaches
  16 goblins
  6 hobgoblins
  2 jackals (D:1)
  5 quokkas
  5 ball pythons
  6 bats
  A frilled lizard (D:1)
  9 kobolds
  5 rats
150 creatures vanquished.

Vanquished Creatures (others)
  3 fulminant prisms
3 creatures vanquished.

Grand Total: 153 creatures vanquished

Notes
Turn   | Place    | Note
-------+----------+-------------------------------------------
     0 | D:1      | grandjackal the Deep Elf Conjurer began the quest for the
                  | Orb.
     0 | D:1      | Reached XP level 1. HP: 10/10 MP: 6/6
   252 | D:1      | Reached XP level 2. HP: 15/15 MP: 5/8
   816 | D:1      | Reached skill level 4 in Spellcasting
  1170 | D:1      | Learned a level 2 spell: Searing Ray
  1239 | D:2      | Reached skill level 5 in Conjurations
  1239 | D:2      | Reached XP level 3. HP: 19/19 MP: 8/10
  1703 | D:2      | Reached XP level 4. HP: 24/24 MP: 5/12
  1988 | D:2      | Learned a level 4 spell: Fulminant Prism
  1993 | D:2      | Learned a level 4 spell: Iskenderun's Mystic Blast
  2107 | D:3      | Found Siwio's Book Boutique.
  2268 | D:3      | Reached skill level 5 in Spellcasting
  2272 | D:2      | Reached skill level 1 in Translocations
  2272 | D:2      | Reached skill level 1 in Alchemy
  2272 | D:2      | Reached XP level 5. HP: 24/28 MP: 3/14
  3041 | D:4      | Found a staircase to the Ecumenical Temple.
  3052 | Temple   | Entered the Ecumenical Temple
  3340 | D:4      | Noticed Dowan
  3341 | D:4      | Noticed Duvessa
  3347 | D:4      | Killed Duvessa
  3348 | D:4      | Reached XP level 6. HP: 21/32 MP: 5/16
  3349 | D:4      | Killed Dowan
  3505 | D:4      | Reached skill level 6 in Spellcasting
  3685 | D:4      | Reached XP level 7. HP: 36/36 MP: 11/18
  4278 | D:5      | Entered Level 5 of the Dungeon
  4568 | D:5      | Reached skill level 7 in Spellcasting
  4768 | D:5      | Reached XP level 8. HP: 41/41 MP: 13/20
  5260 | D:5      | Got the Almanac of the Sky
  5687 | D:3      | Bought a book of Flames for 280 gold pieces
  5692 | D:3      | Learned a level 4 spell: Flame Wave
  5697 | D:3      | Learned a level 4 spell: Sticky Flame
  5818 | D:6      | Found a snail-covered altar of Cheibriados.
  5880 | D:6      | Reached skill level 1 in Fire Magic
  6133 | D:6      | Reached skill level 5 in Alchemy
  6249 | D:6      | Reached skill level 8 in Spellcasting
  6695 | D:7      | Found a transporter.
  6705 | D:7      | Noticed superbruh's ghost (novice TeRe)
  6715 | D:7      | Found a transporter.
  6719 | D:7      | Noticed a moth of wrath
  7124 | D:7      | Found a basalt altar of Yredelemnul.
  7277 | D:7      | Found a flagged portal.
  7313 | Bailey   | Entered a bailey
  7342 | Bailey   | Reached XP level 9. HP: 45/45 MP: 15/23
  7403 | Bailey   | Reached skill level 9 in Spellcasting
  7595 | Bailey   | Noticed a two-headed ogre
  7604 | Bailey   | Slain by a two-headed ogre

Illustrated notes

Levels and vault maps discovered:
D:1:      dpeg_arrival_chambers_temple_mockup, layout_loops_ring
D:2:      layout_rooms, minivault_11, hangedman_decor_push
D:3:      layout_basic, serial_shops, shop
D:4:      minmay_octagon_keep, layout_gridville, minmay_temple_entry_glass,
          uniq_duvessa
D:5:      layout_basic
D:6:      layout_rooms, mainiacjoe_overflow_paths, kennysheep_big_empty_room,
          nicolae_titane
D:7:      layout_loops_corners, overflow_temple_1_default,
          lemuel_coloured_pillars_altar, gammafunk_ghost_berserking_beasts,
          enter_bailey_5
Temple:   jpeg_temple_island
Bailey:   bailey_polearm_enchanted_keep_hellmonk, bailey

Skill      XL: |  1  2  3  4  5  6  7  8  9 |
---------------+----------------------------+-----
Spellcasting   | 4 5 6 7 8 9 |  9.2
Conjurations   | 5 6 7 8 |  8.6
Translocations | 1 2 3 4 |  4.6
Alchemy        | 1 2 3 4 5 6 |  6.3
Fire Magic     | 3 4 |  4.0
Dodging        | |  2.4
Stealth        | |  2.4

Action                     |  1- 3 |  4- 6 |  7- 9 || total
---------------------------+-------+-------+-------++-------
   Cast: Magic Dart        |    81 |    46 |    71 ||   198
         Searing Ray       |       |    20 |    49 ||    69
         Fulminant Prism   |       |     2 |     1 ||     3
         Iskenderun's Myst |       |       |     2 ||     2
    Use: Scroll            |       |     1 |       ||     1
 Armour: Robe              |     1 |    14 |    23 ||    38
  Dodge: Dodged            |     1 |    16 |    23 ||    40

Table legend: (Time is in decaauts)
 A = Elapsed time spent in this place.
 B = Non-inter-level travel time spent in this place.
 C = Inter-level travel time spent in this place.
 D = Time resting spent in this place.
 E = Time spent auto-exploring this place.
 F = Levels seen in this place.
 G = Mean time per level.
                   A        B        C        D        E       F      G
               +--------+--------+--------+--------+--------+-----+--------+
         Total |   7616 |   7302 |    314 |   1553 |   4847 |   9 |  846.2 |
       Dungeon |   7293 |   6990 |    303 |   1369 |   4847 |   7 | 1041.9 |
        Temple |     22 |     11 |     11 |      0 |      0 |   1 |   22.0 |
        Bailey |    300 |    300 |      0 |    184 |      0 |   1 |  300.0 |
               +--------+--------+--------+--------+--------+-----+--------+

Top non-repeatable levels by time:
     D:4: 1505 daAuts
     D:5: 1262 daAuts
     D:1: 1225 daAuts
     D:6: 933 daAuts
     D:3: 887 daAuts
     D:2: 856 daAuts
     D:7: 622 daAuts
  Bailey: 300 daAuts
  Temple: 22 daAuts
